Construct Infanterie Kompanie
Selects Mechanized Battlegroup
Construct Luftwaffe Kompanie
Selects Mobile Repair Stations
Selects Wespe Self-propelled Artillery
Wespe Self-propelled Artillery
Wespe Self-propelled Artillery
Construct Panzergrenadier Kompanie
Selects Zeroing Artillery Barrage
Pak 40 Anti-tank Gun Team
Selects StuG Assault Group
Zeroing Artillery Barrage
Pak 40 Anti-tank Gun Team
Zeroing Artillery Barrage
Selects Panther Heavy Tank
Zeroing Artillery Barrage